 Dungeon Crawl Stone Soup version bcrawl-1.40.3b (webtiles) character file.

Game seed: 4949523975887504746

613978 petercordia the Bludgeoner (level 15, -7/177 HPs)
             Began as an Ent Archaeologist on Feb 9, 2024.
             Was a Priest of Uskayaw.
             Mangled by an ettin simulacrum (16 damage)
             ... in an ice cave.
             The game lasted 00:51:04 (20079 turns).

petercordia the Bludgeoner (Ent Archaeologist)     Turns: 20079, Time: 00:51:04

Health: -7/177     AC: 24    Str: 27    XL:     15   Next: 91%
Magic:  19/26      EV: 14    Int: 17    God:    Uskayaw [***...]
Gold:   1579       SH:  0    Dex: 14    Spells: 14/14 levels left

rFire    . . .     GDR:     34% a - +1 giant club of Bafogaesk {freeze, *Contam Str+7 Dex+3}
rCold    + . .     SeeInvis +   (shield currently unavailable)
rNeg     + + +     Gourm    +   (armour unavailable)
rPois    +         Faith    .   P - +2 hat {SInv}
rElec    .         Spirit   .   (no cloak)
rCorr    .         Reflect  .   (gloves unavailable)
MR       ++...                  (boots unavailable)
Stlth    +++++.....             p - amulet of the gourmand
HPRegen  0.39/turn              J - ring of protection from magic
MPRegen  0.20/turn              h - ring of protection from cold

@: exhausted, very slow
A: large, slow actions, passwall, strong branches, negative energy resistance 3,
poison resistance, slow metabolism 1, torment resistance, unbreathing, AC +22
a: Passwall, Stomp, Line Pass, Renounce Religion


You were in an ice cave.
You worshipped Uskayaw.
Uskayaw was pleased with you.
You were not hungry.

You visited 5 branches of the dungeon, and saw 21 of its levels.
You also visited: Sewer and Ice Cave.

You collected 2228 gold pieces.
You spent 649 gold pieces at shops.

Inventory:

Hand Weapons
 a - the +1 giant club of Bafogaesk (weapon) {freeze, *Contam Str+7 Dex+3}
   (You acquired it on level 3 of the Dungeon)

   It has been specially enchanted to freeze those struck by it, increasing
   damage dealt by approximately one third against foes not resistant or
   susceptible to cold, and potentially slowing cold-blooded foes.
   It affects your strength (+7).
   It affects your dexterity (+3).
   It causes magical contamination when unequipped.
Missiles
 d - 79 exploding tomahawks
 r - 889 poisoned tomahawks (quivered)
 w - 42 tomahawks of dispersal {=f}
Armour
 P - a +2 hat of see invisible (worn)
Jewellery
 h - a ring of protection from cold (right hand)
 p - an amulet of the gourmand (around neck)
 s - an uncursed ring of flight
 J - a ring of protection from magic (left hand)
 S - an uncursed amulet of guardian spirit
Wands
 k - a wand of disintegration (22)
 y - a wand of polymorph (6)
 A - a wand of digging (15)
 B - a wand of charming (17)
 K - a wand of iceblast (12)
 T - a wand of acid (8)
 U - a wand of paralysis (15)
Scrolls
 b - 3 scrolls of enchant weapon {unknown}
 c - 2 scrolls of noise {unknown}
 g - 4 scrolls of revelation
 j - 6 scrolls of remove curse
 m - 9 scrolls of teleportation
 o - 2 scrolls of fear
 t - 4 scrolls of fog
 v - 2 scrolls of immolation
 O - 7 scrolls of amnesia {unknown}
 R - 2 scrolls of blinking
 Y - 2 scrolls of silence {unknown}
Potions
 f - 3 potions of cancellation
 l - 6 potions of ambrosia
 q - 3 potions of haste
 z - 6 potions of heal wounds
 C - 5 potions of mutation
 E - 11 potions of curing
 F - 2 potions of flight
 G - 7 potions of magic
 H - a potion of might
 I - 3 potions of invisibility
 V - a potion of resistance
 W - a potion of berserk rage
Comestibles
 e - 32 rations {!d}


   Skills:
 + Level 14.8 Fighting
 - Level 20.0 Maces & Flails
 + Level 8.6 Dodging
 + Level 11.1 Stealth
 + Level 14.8 Invocations


You had 14 spell levels left.
You didn't know any spells.
Your spell library contained the following spells:

 Spells                   Type           Power        Failure   Level  Hunger
 Sublimation of Blood     Necr           #.........   34%         2    ####...
 Conjure Flame            Conj/Fire      #.......     56%         3    #####..
 Ignite Poison            Fire/Tmut/Pois #.......     56%         3    #####..
 Petrify                  Tmut/Erth      #.........   93%         4    ######.
 Sticky Flame             Conj/Fire      #.......     93%         4    ######.
 Bolt of Magma            Conj/Fire/Erth #.........   100%        5    #######
 Fireball                 Conj/Fire      #.........   100%        5    #######
 Steam Barrier            Chrm/Fire      #.........   100%        5    #######
 Bolt of Cold             Conj/Ice       #.........   100%        6    #######
 Bolt of Fire             Conj/Fire      #.........   100%        6    #######
 Ozocubu's Refrigeration  Ice            #.........   100%        6    #######
 Poison Arrow             Conj/Pois      #.........   100%        6    #######
 Virulence                Hex/Pois       #.......     100%        6    #######
 Ignition                 Hex/Fire       #.........   100%        8    #######


Dungeon Overview and Level Annotations

Branches:
Dungeon (12/12)            Temple (1/1) D:5            Lair (6/6) D:8
 Shoals (0/3) Lair:3       Spider (1/3) Lair:3        Slime (0/5) Orc
    Orc (1/1) D:9             Elf (0/3) Lair:6       Vaults (0/3) D:12
 Depths (0/5) D:12

Altars:
Ashenzari
Cheibriados
Dithmenos
Elyvilon
Fedhas
Gozag
Hepliaklqana
Lugonu
Makhleb
Nemelex Xobeh
Okawaru
Qazlal
Ru
Sif Muna
Trog
Uskayaw
Vehumet
Wu Jian
Xom
Yredelemnul
Zin
The Shining One
Jiyva

Shops:
D:5 !*[   D:6 }   D:9 %   Orc [=*!*((=

Portals:
Trove: D:10 (give 7 potions of agility)

Annotations:
Spider:1 exclusion: orange crystal statue


Innate Abilities, Weirdness & Mutations

You move and act slowly.
You can pass through walls and trees.
Your branches can wield two-handed weapons with a shield.
Your thick bark is tough. (AC +22)
You are too large for most types of armour.
You are immune to negative energy. (rN+++)
Your system is resistant to poisons. (rPois)
You have a slow metabolism.
You are immune to unholy pain and torment.
You can survive without breathing.


Message History

* * * LOW HITPOINT WARNING * * *
The iron troll simulacrum freezes you!! You resist.
* * * LOW HITPOINT WARNING * * *
The iron troll simulacrum claws you!
* * * LOW HITPOINT WARNING * * *
The iron troll simulacrum freezes you! You resist.
* * * LOW HITPOINT WARNING * * *
No path to travel!
Aiming: Line Pass
Press: ? - help, Dir - move target cursor The iron troll simulacrum appears confused.
The ettin simulacrum appears confused.
You feel somewhat more hungry.
No path to travel!
You stomp with the beat, sending a shockwave through the revelers around you!
The iron troll simulacrum vapourises!
The ettin simulacrum is heavily damaged.
You feel somewhat more hungry.
Uskayaw will force your foes to helplessly watch your dance.
The ettin simulacrum hits you!
You die...

###########
#)$..[..?[#
#(.......}#
#?.......(#
#.........#
#.........#
#...@...#
##.Z○..##
###†###
##.....##
##.......##
#.........#
#.........#
#.........#
#.........#


You could see an ettin simulacrum (confused).

Vanquished Creatures
  Rupert (D:12)
  An orc warlord (Orc)
  2 very ugly things (IceCv)
  Nessos (Lair:6)
  A dire elephant (Lair:6)
  A spark wasp (Spider:1)
  Erolcha (D:9)
  A yaktaur captain (D:12)
  Urug (D:10)
  A vault guard (D:10)
  3 catoblepae
  12 hydras
  10 two-headed ogres
  An ogre mage (Orc)
  A deep troll shaman (Lair:6)
  A tengu warrior (D:12)
  3 orc high priests (Orc)
  6 death yaks (Lair:6)
  Nergalle (D:9)
  A fire crab (Lair:6)
  A centaur warrior (D:12)
  A wolf spider (Lair:6)
  A cyclops (D:12)
  5 orc knights (Orc)
  A wizard (D:12)
  Pikel (D:8)
  3 harpies (Lair:3)
  A necromancer (D:12)
  A deep elf mage (D:9)
  An ugly thing (D:12)
  An orc sorcerer (Orc)
  4 oklob plants (Lair:6)
  A manticore (Lair:6)
  2 moths of wrath
  15 elephants
  4 black mambas
  6 ice statues
  A torpor snail (Lair:4)
  A gargoyle (D:11)
  14 cane toads
  The ghost of SolarTheDude the Insei, a novice DsMA of Wu Jian (D:5)
  A jumping spider (Spider:1)
  2 yaktaurs
  4 rime drakes
  6 komodo dragons
  An efreet (D:12)
  An eye of draining (D:11)
  A tengu conjurer (D:12)
  3 trolls
  6 tyrant leeches (Lair:4)
  4 harpy skeletons
  26 blink frogs
  8 hornets (Spider:1)
  9 hippogriffs
  13 dream sheep
  Grum (D:9)
  Sigmund (D:2)
  3 dire elephant simulacra (IceCv)
  A tarantella (Spider:1)
  13 slime creatures (D:11)
  4 wyverns
  50 yaks
  2 shadows
  2 vampires
  4 hogs (D:9)
  2 humans (D:9)
  3 vampire mosquitoes (D:12)
  A hungry ghost (D:12)
  5 redbacks
  2 basilisks
  A harpy simulacrum (IceCv)
  2 iron troll simulacra (IceCv)
  19 crocodiles
  3 wargs (Orc)
  An acid dragon (Lair:4)
  3 swamp worms (Lair:4)
  4 water moccasins
  2 hydra simulacra (IceCv)
  11 porcupines
  29 orc warriors
  A hornet zombie (D:11)
  2 phantoms
  2 slaves (D:8)
  A black bear (Lair:6)
  9 ogres
  7 ice beasts
  2 necrophages
  14 wolves
  3 kobold brigands
  9 bullfrogs
  5 centaurs
  A scorpion (D:5)
  8 wights
  3 howler monkeys
  10 orc priests
  7 crimson imps
  5 hounds
  3 jellies
  17 orc wizards
  A bullfrog skeleton (D:6)
  A gnoll shaman (D:8)
  An iguana (D:7)
  8 worker ants
  4 hound skeletons
  2 worker ant zombies
  8 gnolls
  5 river rats
  19 adders
  2 oozes (Sewer)
  4 worms
  2 adder skeletons
  9 leopard geckos
  79 orcs
  A bat (D:3)
  8 giant cockroaches
  8 hobgoblins
  A jackal (D:5)
  26 kobolds
  2 quokkas
  5 ball pythons
  7 frilled lizards
  3 goblins (D:1)
  A jackal zombie (D:5)
  A quokka zombie (D:5)
  8 rats
  11 fungi
  12 plants
718 creatures vanquished.

Vanquished Creatures (others)
  3 bushes
  20 fungi
  30 plants
53 creatures vanquished.

Grand Total: 771 creatures vanquished

Notes
Turn   | Place    | Note
-------+----------+-------------------------------------------
     0 | D:1      | petercordia the Ent Archaeologist began the quest for the
                  | Orb.
     0 | D:1      | Reached XP level 1. HP: 21/21 MP: 1/1
    95 | D:1      | Reached skill level 2 in Maces & Flails
   273 | D:1      | Reached XP level 2. HP: 29/29 MP: 2/2
  1064 | D:2      | Reached skill level 3 in Maces & Flails
  1134 | D:2      | Reached XP level 3. HP: 33/37 MP: 3/3
  1226 | D:2      | Noticed Sigmund
  1485 | D:2      | Found a radiant altar of Vehumet.
  1590 | D:2      | Found a shattered altar of Ashenzari.
  1768 | D:3      | Reached skill level 4 in Maces & Flails
  1768 | D:3      | Reached XP level 4. HP: 43/47 MP: 4/4
  1955 | D:3      | Reached XP level 5. HP: 11/57 MP: 5/5
  1955 | D:3      | Identified a scroll of acquirement
  1962 | D:3      | Identified the +1 giant club of Bafogaesk {freeze, *Contam
                  | Str+7 Dex+3} (You acquired it on level 3 of the Dungeon)
  1962 | D:3      | Identified the ring of Ithrua Archoic {rElec rPois Int-5
                  | Dex+8 SInv} (You acquired it on level 3 of the Dungeon)
  2122 | D:3      | Reached skill level 5 in Maces & Flails
  2702 | D:4      | Reached XP level 6. HP: 65/65 MP: 6/6
  2720 | D:4      | Found a glowing drain.
  2740 | Sewer    | Entered a sewer
  2877 | Sewer    | Reached skill level 6 in Maces & Flails
  3227 | D:4      | Noticed an orc warrior
  3228 | D:4      | Killed an orc warrior
  3229 | D:4      | Reached skill level 7 in Maces & Flails
  3229 | D:4      | Reached XP level 7. HP: 77/77 MP: 7/7
  3367 | D:5      | Entered Level 5 of the Dungeon
  3418 | D:5      | Found Gunyimoc's Armour Shoppe.
  3448 | D:5      | Found a glowing golden altar of the Shining One.
  3448 | D:5      | Found a shattered altar of Ashenzari.
  3478 | D:5      | Found a runed translucent door.
  3480 | D:5      | Noticed SolarTheDude's ghost (novice DsMA)
  3529 | D:5      | Found Deske's Distillery.
  3567 | D:5      | Found Oshrefecsef's Assorted Antiques.
  3570 | D:5      | Bought a scroll labeled IPHIUCH LOIGEPT for 24 gold pieces
  3570 | D:5      | Bought a viscous orange potion for 21 gold pieces
  3595 | D:5      | Reached skill level 5 in Fighting
  3595 | D:5      | Reached skill level 8 in Maces & Flails
  3743 | D:5      | Found a basalt altar of Yredelemnul.
  3803 | D:5      | Reached skill level 9 in Maces & Flails
  3803 | D:5      | Reached XP level 8. HP: 79/89 MP: 6/8
  3969 | D:5      | Found a runed translucent door.
  4080 | D:5      | Found a staircase to the Ecumenical Temple.
  4090 | Temple   | Entered the Ecumenical Temple
  4251 | Temple   | Became a worshipper of Uskayaw the Reveler
  4328 | D:5      | Reached * piety under Uskayaw
  4329 | D:5      | Reached ** piety under Uskayaw
  4333 | D:5      | Reached *** piety under Uskayaw
  4336 | D:5      | Killed SolarTheDude's ghost
  4337 | D:5      | Reached skill level 10 in Maces & Flails
  4389 | D:5      | Bought a potion of invisibility for 88 gold pieces
  4389 | D:5      | Bought a potion of curing for 27 gold pieces
  4389 | D:5      | Bought a potion of might for 44 gold pieces
  4514 | D:6      | Found a shadowy altar of Dithmenos.
  4680 | D:6      | Reached **** piety under Uskayaw
  4682 | D:6      | Reached XP level 9. HP: 56/100 MP: 11/11
  4912 | D:6      | Reached skill level 11 in Maces & Flails
  4933 | D:6      | Found Irghaek's Gadget Shop.
  5580 | D:7      | Found a shadowy altar of Dithmenos.
  5934 | D:7      | Found a shimmering blue altar of Sif Muna.
  5935 | D:7      | Found a burning altar of Makhleb.
  6067 | D:8      | Reached skill level 5 in Invocations
  6275 | D:8      | Found a staircase to the Lair.
  6282 | D:8      | Reached skill level 12 in Maces & Flails
  6338 | D:8      | Reached ***** piety under Uskayaw
  6339 | D:8      | Reached XP level 10. HP: 69/114 MP: 14/14
  6553 | D:8      | Reached skill level 13 in Maces & Flails
  6837 | D:8      | Noticed Pikel
  6841 | D:8      | Killed Pikel
  7035 | D:9      | Reached ****** piety under Uskayaw
  7036 | D:9      | Noticed Grum
  7037 | D:9      | Noticed Erolcha
  7041 | D:9      | Reached skill level 14 in Maces & Flails
  7043 | D:9      | Killed Erolcha
  7044 | D:9      | Reached XP level 11. HP: 126/126 MP: 15/17
  7057 | D:9      | Killed Grum
  7155 | D:9      | Noticed a two-headed ogre
  7164 | D:9      | Killed a two-headed ogre
  7165 | D:9      | Reached skill level 10 in Fighting
  7213 | D:9      | Found a staircase to the Orcish Mines.
  7531 | D:9      | Noticed Nergalle
  7541 | D:9      | Killed Nergalle
  7556 | D:9      | Reached skill level 15 in Maces & Flails
  7752 | D:9      | Got a crystal falchion
  7757 | D:9      | Found Xahukk Ceqo's Food Shoppe.
  7927 | D:9      | Noticed a deep elf mage
  7930 | D:9      | Killed a deep elf mage
  7956 | D:10     | Entered Level 10 of the Dungeon
  8107 | D:10     | Noticed Urug
  8111 | D:10     | Killed Urug
  8618 | D:10     | Noticed a vault guard
  9092 | D:5      | Bought a potion of cancellation for 55 gold pieces
  9092 | D:5      | Bought a potion of haste for 110 gold pieces
  9092 | D:5      | Bought a potion of resistance for 110 gold pieces
  9092 | D:5      | Bought a potion of magic for 55 gold pieces
  9092 | D:5      | Bought a potion of curing for 27 gold pieces
  9092 | D:5      | Bought 2 potions of ambrosia for 88 gold pieces
  9184 | Lair:1   | Entered Level 1 of the Lair of Beasts
  9417 | Lair:1   | Reached skill level 16 in Maces & Flails
  9417 | Lair:1   | Reached skill level 10 in Invocations
  9475 | Lair:1   | Reached XP level 12. HP: 122/140 MP: 16/19
  9484 | Lair:1   | Noticed a five-headed hydra
  9555 | Lair:1   | Killed a five-headed hydra
 10343 | Lair:2   | Noticed a six-headed hydra
 10351 | Lair:2   | Killed a six-headed hydra
 10546 | Lair:3   | Found a hole to the Spider Nest.
 10560 | Lair:3   | Reached skill level 17 in Maces & Flails
 10765 | Lair:3   | Noticed a four-headed hydra
 10771 | Lair:3   | Killed a four-headed hydra
 10803 | Lair:3   | Noticed a six-headed hydra
 10810 | Lair:3   | Killed a six-headed hydra
 11125 | Lair:3   | Found the +2 pair of boots of the Assassin {Detection Stab+
                  | Stlth++}
 11202 | Lair:3   | Found a staircase to the Shoals.
 11248 | Lair:3   | Found a runed door.
 11824 | Lair:4   | Noticed an eight-headed hydra
 11830 | Lair:4   | Reached XP level 13. HP: 107/151 MP: 15/21
 12507 | Lair:4   | Reached skill level 5 in Stealth
 12516 | Lair:4   | Reached skill level 18 in Maces & Flails
 13203 | Lair:5   | Reached skill level 5 in Dodging
 13897 | D:2      | Killed Sigmund
 14206 | D:10     | Found a portal to a secret trove of treasure.
 14322 | D:11     | Reached XP level 14. HP: 153/165 MP: 23/23
 14761 | D:11     | Reached skill level 19 in Maces & Flails
 15140 | D:12     | Entered Level 12 of the Dungeon
 15201 | D:12     | Noticed Rupert
 15311 | D:12     | Killed Rupert
 15414 | D:12     | Found an iron altar of Okawaru.
 15596 | D:12     | Found a gate to the Vaults.
 15757 | D:12     | Found a white marble altar of Elyvilon.
 16003 | D:12     | Found a staircase to the Depths.
 16419 | Lair:6   | Entered Level 6 of the Lair of Beasts
 16739 | Lair:6   | Found a staircase to the Elven Halls.
 16982 | Lair:6   | Identified the Papyrus of Attacks
 17077 | Lair:6   | Noticed Nessos
 17087 | Lair:6   | Reached XP level 15. HP: 85/175 MP: 25/25
 17088 | Lair:6   | Reached skill level 20 in Maces & Flails
 17146 | Lair:6   | Killed Nessos
 18159 | Orc      | Entered the Orcish Mines
 18172 | Orc      | Found Dielaph's General Store.
 18216 | Orc      | Found Kir Woes's Distillery.
 18236 | Orc      | Found Qetux Ysatt's Weapon Boutique.
 18248 | Orc      | Found Gafos's Antique Weapon Shoppe.
 18318 | Orc      | Found a viscous altar of Jiyva.
 18322 | Orc      | Found a staircase to the Slime Pits.
 18375 | Orc      | Found Tahuj's Jewellery Emporium.
 18396 | Orc      | Found a roughly hewn altar of Beogh.
 18417 | Orc      | Reached skill level 10 in Stealth
 18524 | Orc      | Found Rockaic's General Store.
 18524 | Orc      | Noticed an orc warlord
 18534 | Orc      | Killed an orc warlord
 18585 | Orc      | Found Raibbyps's Jewellery Emporium.
 18759 | Orc      | Found Yraobrir's Antique Armour Shop.
 19399 | Spider:1 | Entered Level 1 of the Spider Nest
 19462 | Spider:1 | Got an ancient steel ring
 19464 | Spider:1 | Identified the ring of Fiysik {Str+3 Int+4 Dex-3 Stlth--}
                  | (You found it on level 1 of the Spider Nest)
 19617 | Spider:1 | Found a frozen archway.
 19642 | IceCv    | Entered an ice cave
 20077 | IceCv    | HP: 8/177 [iron troll simulacrum (13)]
 20079 | IceCv    | Mangled by an ettin simulacrum

Skill      XL: |  1  2  3  4  5  6  7  8  9 10 11 12 13 14 15 |
---------------+----------------------------------------------+-----
Maces & Flails | 2 3 4 5 7 9 10 12 14 16 17 18 19 20 | 20.0
Fighting       | 2 3 4 5 7 8 9 11 12 13 14 | 14.8
Dodging        | 3 5 6 8 |  8.6
Stealth        | 4 7 9 11 | 11.1
Invocations    | 3 6 8 10 11 12 13 14 | 14.8

Action                   |  1- 3 |  4- 6 |  7- 9 | 10-12 | 13-15 || total
-------------------------+-------+-------+-------+-------+-------++-------
Melee: Whip              |   160 |    47 |       |       |       ||   207
       Giant club        |       |   133 |   245 |   359 |   669 ||  1406
Throw: Tomahawk          |       |       |       |       |     3 ||     3
       Stone             |       |       |       |       |     1 ||     1
Invok: Grand Finale      |       |       |       |     1 |     3 ||     4
       Line Pass         |       |       |       |       |     2 ||     2
       Stomp             |       |       |       |       |     1 ||     1
 Abil: Passwall          |       |       |     1 |     2 |    10 ||    13
       Lunge             |       |       |     1 |     9 |    16 ||    26
  Use: Scroll            |       |     6 |       |     8 |     5 ||    19
       Potion            |       |       |     1 |       |       ||     1
 Stab: Sleeping          |     7 |     3 |     5 |    24 |    10 ||    49
       Paralysed         |       |       |     4 |    20 |    53 ||    77
       Distracted        |       |       |       |     1 |     3 ||     4
       Petrified         |       |       |       |       |    11 ||    11
       Petrifying        |       |       |       |       |     1 ||     1
  Eat: Chunk             |     6 |    12 |    16 |    26 |    51 ||   111
Armor: Skin              |    86 |   157 |   210 |   274 |   418 ||  1145
Dodge: Dodged            |   105 |   152 |   195 |   229 |   407 ||  1088
